 Dungeon Crawl Stone Soup version 0.21-a0-437-ge5bf024 (webtiles) character file.

443 KristoblXynda the Conjurer (level 6, -1/48 HPs)
             Began as a Deep Elf Conjurer on Nov 9, 2017.
             Slain by cirnu's ghost (12 damage)
             ... on level 4 of the Dungeon.
             The game lasted 00:08:55 (3184 turns).

KristoblXynda the Conjurer (Deep Elf Conjurer)      Turns: 3184, Time: 00:08:57

Health: -1/48      AC: 23    Str:  5    XL:     6   Next: 71%
Magic:  1/17       EV:  2    Int: 24    God:
Gold:   104        SH:  0    Dex: 13    Spells: 10/18 levels left

rFire    . . .     SeeInvis .   t - +3 spear
rCold    . . .     Gourm    .   (no shield)
rNeg     + + +     Faith    .   (armour currently unavailable)
rPois    +         Spirit   .   (helmet currently unavailable)
rElec    .         Reflect  .   (cloak currently unavailable)
rCorr    .         Harm     .   (gloves currently unavailable)
MR       .....     NoTele   +   (boots currently unavailable)
Stlth    ++........             (no amulet)
HPRegen  0.16/turn              g - +2 ring of intelligence
MPRegen  0.15/turn              z - -2 ring of dexterity (curse)

@: tree-form
A: no striking features
a: no special abilities


You were on level 4 of the Dungeon.
You were hungry.
You were a tree.
You visited 1 branch of the dungeon, and saw 4 of its levels.

You collected 104 gold pieces.

Inventory:

Hand Weapons
 t - a +3 spear (weapon)
Armour
 a - a +1 robe (melded)
 d - a +0 pair of boots (melded)
Jewellery
 g - a +2 ring of intelligence (left branch)
 z - a cursed -2 ring of dexterity (right branch)
Scrolls
 u - a scroll of blinking
Potions
 j - a potion of lignification
 l - a potion of berserk rage {unknown}
 m - a potion of might {unknown}
 n - a potion of curing
 o - 2 potions of invisibility
 p - 2 potions of magic
 r - a potion of heal wounds
Books
 b - a book of Conjurations

   Spells                             Type                      Level
   a - Magic Dart                     Conjuration                  1
   b - Searing Ray                    Conjuration                  2
   c - Dazzling Spray                 Conjuration/Hexes            3
   d - Fulminant Prism                Conjuration/Hexes            4
   e - Force Lance                    Conjuration/Translocation    4
   f - Iskenderun's Mystic Blast      Conjuration                  4
Comestibles
 c - 4 bread rations
 f - 6 fruits
 i - 4 meat rations
 k - 2 royal jellies
 w - 5 chunks of flesh


   Skills:
 - Level 3.1 Dodging
 - Level 2.4 Stealth
 + Level 6.7 Spellcasting
 + Level 6.7 Conjurations
 + Level 2.2 Hexes


You had 10 spell levels left.
You knew the following spells:

 Your Spells              Type           Power        Failure   Level  Hunger
a - Magic Dart            Conj           ####         1%          1    None
b - Dazzling Spray        Conj/Hex       ####..       3%          3    None
c - Iskenderun's Mystic   Conj           #####...     4%          4    ###....


Dungeon Overview and Level Annotations

Branches:
Dungeon (4/15)
 Temple: D:4-7

Altars:
Dithmenos

Annotations:
D:4 cirnu's ghost, amateur DsCK


Message History

Cirnu's ghost is almost destroyed.
Cirnu's ghost hits you. Cirnu's ghost burns you.
You hit cirnu's ghost.
Cirnu's ghost is almost destroyed.
Cirnu's ghost hits you but does no damage.
You closely miss cirnu's ghost.
Cirnu's ghost is almost destroyed.
Cirnu's ghost hits you.
* * * LOW HITPOINT WARNING * * *
Cirnu's ghost freezes you.
* * * LOW HITPOINT WARNING * * *
You closely miss cirnu's ghost.
Cirnu's ghost is almost destroyed.
Cirnu's ghost hits you but does no damage.
You miss cirnu's ghost.
Cirnu's ghost is almost destroyed.
Cirnu's ghost hits you.
* * * LOW HITPOINT WARNING * * *
You are electrocuted!
You die...

##.....#...........#
#.....#...........#
#.....#...........#
#.....#...........#
#.....#...........#
#######...........#
#########'### #W# ######### #♣#
........# #.#
........########.#
.................#
.................##############
#######...............).......#
#.........#############.# ##
#...).....# *,* .## #.........#
*,*


You could see cirnu's ghost.

Vanquished Creatures
  3 ogres
  A hound (D:4)
  Natasha (D:2)
  4 gnolls (D:3)
  3 adders
  A worm (D:3)
  A dart slug (D:1)
  A leopard gecko (D:1)
  3 orcs
  4 ball pythons
  A giant cockroach (D:3)
  8 goblins
  6 hobgoblins
  3 quokkas
  8 bats
  3 frilled lizards
  A jackal skeleton (D:4)
  8 kobolds
  6 rats
66 creatures vanquished.

Notes
Turn   | Place    | Note
-------+----------+-------------------------------------------
     0 | D:1      | KristoblXynda the Deep Elf Conjurer began the quest for the Orb.
     0 | D:1      | Reached XP level 1. HP: 10/10 MP: 6/6
   118 | D:1      | Reached XP level 2. HP: 15/15 MP: 0/8
   751 | D:1      | Reached XP level 3. HP: 19/19 MP: 6/10
   990 | D:1      | Reached skill level 5 in Conjurations
  1249 | D:2      | Noticed Natasha
  1252 | D:2      | Killed Natasha
  1252 | D:2      | Reached XP level 4. HP: 24/24 MP: 7/12
  1292 | D:2      | Learned a level 3 spell: Dazzling Spray
  1303 | D:2      | Found a shadowy altar of Dithmenos.
  1898 | D:3      | Reached skill level 5 in Spellcasting
  2200 | D:4      | Reached XP level 5. HP: 28/28 MP: 8/14
  2252 | D:3      | Noticed an ogre
  2252 | D:3      | Noticed an ogre
  2276 | D:3      | Learned a level 4 spell: Iskenderun's Mystic Blast
  2672 | D:3      | Killed an ogre
  2672 | D:3      | Reached XP level 6. HP: 32/32 MP: 0/17
  2846 | D:3      | Reached skill level 1 in Hexes
  3065 | D:4      | Noticed cirnu's ghost (amateur DsCK)
  3184 | D:4      | Slain by cirnu's ghost

Vault maps used:
D:1:      lightli_arrival_flooded_house
D:2:      grunt_dithmenos_smoke_and_mirrors, uniq_natasha
D:3:      first_bread, supply_closet_lemuel
D:4:      uniq_robin, uniq_duvessa

Skill      XL: |  1  2  3  4  5  6 |
---------------+-------------------+-----
Spellcasting   | 4 5 6 |  6.7
Conjurations   | 5 6 |  6.7
Dodging        | 3 |  3.1
Hexes          | 2 |  2.2
Stealth        | |  2.4

Action                   |  1- 3 |  4- 6 || total
-------------------------+-------+-------++-------
Melee: Unarmed           |     2 |       ||     2
       Spear             |       |    21 ||    21
 Cast: Magic Dart        |    57 |    82 ||   139
       Iskenderun's Myst |       |     8 ||     8
       Dazzling Spray    |       |     7 ||     7
  Use: Scroll            |       |    12 ||    12
       Potion            |       |     3 ||     3
 Stab: Invisible         |       |     2 ||     2
  Eat: Chunk             |     1 |     6 ||     7
Armor: Robe              |     2 |     3 ||     5
       Skin              |       |    17 ||    17
Dodge: Dodged            |     8 |    19 ||    27

Table legend:
 A = Spawn XP
 B = Non-spawn XP
 C = Spawn XP percentage of total XP
 D = Spawn monster count
 E = Non-spawn monster count
 F = Spawn count percentage of total count
 G = Total turns spent on level
                    A         B        C        D         E        F      G
               +---------+---------+-------+---------+---------+-------+---------
         Total |       0 |     633 |   0.0 |       0 |      66 |   0.0 |  3184
               +---------+---------+-------+---------+---------+-------+---------
           D:1 |       0 |      45 |   0.0 |       0 |      26 |   0.0 |  1088
           D:2 |       0 |      58 |   0.0 |       0 |       9 |   0.0 |   583
           D:3 |       0 |     349 |   0.0 |       0 |      26 |   0.0 |  1150
           D:4 |       0 |     181 |   0.0 |       0 |       5 |   0.0 |   363
               +---------+---------+-------+---------+---------+-------+---------
